Map: [G8] Babylon

Players

Reynor

  • Race: Zerg Zerg
  • Spawn Location: 11:00

ShoWTimE - Winner!

  • Race: Protoss Protoss
  • Spawn Location: 5:00

Event: Gamers8 2023

VOD

Have the link to the VOD?

Description

Time

  • Played on: Aug. 4, 2023, 7:56 a.m.
  • Length: 45:44

All games in this series

Show
View Real Time Build Order
Export as new Build Order

Reynor Zerg 

Build Orders: Hatch First 

Get SALT Encoding   

  12  0:00  Drone  
  13  0:11  Overlord  
  13  0:16  Drone  
  14  0:30  Drone x2  
  16  0:42  Drone  
  17  0:51  Hatchery  
  17  0:55  Drone  
  17  0:58  Drone  
  18  1:09  Extractor  
  17  1:13  Spawning Pool  
  17  1:16  Drone  
  17  1:20  Drone  
  18  1:28  Drone  
  19  1:38  Drone  
  20  1:48  Overlord  
  20  1:59  Queen  
  22  2:03  Zergling x2  
  22  2:04  Queen, Drone  
  26  2:10  Zergling x2  
  26  2:12  Metabolic Boost  
  26  2:15  Drone  
  28  2:25  Zergling x2  
  28  2:26  Drone  
  30  2:39  Queen  
  30  2:43  Overlord  
  32  2:45  Drone  
  32  2:50  Hatchery  
  32  2:53  Zergling x2  
  32  2:56  Zergling x2  
  32  2:57  Drone  
  35  3:03  Drone  
  35  3:05  Drone  
  37  3:09  Queen  
  39  3:15  Drone  
  39  3:16  Drone  
  39  3:17  Drone  
  38  3:20  Drone  
  38  3:23  Drone  
  38  3:25  Drone  
  41  3:31  Overlord  
  41  3:35  Drone  
  41  3:36  Drone  
  43  3:43  Drone  
  44  3:48  Queen  
  44  3:51  Drone x3  
  44  3:52  Drone  
  44  3:53  Drone  
  51  4:00  Drone  
  51  4:01  Queen  
  54  4:02  Spore Crawler  
  54  4:04  Drone  
  54  4:10  Drone x2  
  54  4:14  Zergling x4  
  54  4:15  Overlord  
  58  4:17  Overlord  
  58  4:21  Overlord  
  58  4:27  Spore Crawler x2  
  58  4:28  Drone  
  58  4:29  Drone  
  58  4:35  Drone x2  
  58  4:36  Drone x2  
  58  4:37  Drone  
  63  4:38  Drone  
  63  4:42  Drone  
  65  4:48  Drone x4  
  65  4:49  Drone  
  67  4:55  Drone  
  67  4:56  Drone  
  67  4:57  Drone x2  
  67  4:58  Drone  
  71  5:04  Drone  
  72  5:08  Evolution Chamber  
  72  5:11  Zergling x6  
  71  5:16  Evolution Chamber  
  71  5:18  Drone x2  
  71  5:21  Drone  
  71  5:24  Drone  
  71  5:25  Drone  
  71  5:26  Drone  
  74  5:29  Overlord  
  74  5:30  Drone x4  
  78  5:36  Evolution Chamber  
  78  5:38  Roach Warren  
  78  5:40  Overlord, Drone  
  78  5:41  Drone  
  78  5:44  Drone x2  
  80  5:52  Drone  
  80  5:53  Drone  
  80  5:55  Hatchery  
  81  5:58  Lair  
  81  5:59  Drone  
  81  6:00  Drone x2  
  81  6:02  Overlord  
  81  6:03  Drone  
  85  6:04  Drone x2  
  85  6:07  Drone x2  
  85  6:08  Drone  
  85  6:10  Drone  
  90  6:12  Spore Crawler  
  90  6:13  Drone x2  
  90  6:14  Drone  
  90  6:16  Extractor, Overlord  
  90  6:20  Queen  
  90  6:24  Zerg Melee Weapons Level 1  
  88  6:27  Drone x3  
  88  6:28  Extractor  
  88  6:29  Extractor  
  88  6:32  Extractor  
  88  6:33  Extractor, Overlord  
  88  6:36  Drone x6  
  88  6:39  Queen  
  95  6:43  Overlord  
  95  6:44  Drone x2  
  95  6:45  Drone  
  95  6:46  Overlord  
  100  6:54  Drone x2  
  100  6:57  Overlord, Spore Crawler  
  100  6:59  Drone x3  
  102  7:06  Spire  
  102  7:07  Baneling Nest  
  102  7:08  Drone x4  
  105  7:13  Queen  
  107  7:15  Spore Crawler, Overlord  
  107  7:20  Roach x2  
  107  7:21  Roach x3, Zergling x8  
  120  7:23  Overlord  
  120  7:29  Drone x5  
  125  7:31  Extractor  
  125  7:36  Zergling x10  
  128  7:39  Overlord  
  128  7:51  Drone  
  128  7:52  Drone x5  
  128  7:53  Centrifugal Hooks  
  128  7:54  Extractor  
  133  8:01  Hatchery  
  133  8:03  Overlord  
  132  8:14  Infestation Pit  
  132  8:17  Overlord  
  131  8:21  Mutalisk  
  131  8:22  Mutalisk x9  
  131  8:23  Zergling x8  
  131  8:24  Zergling x8  
  131  8:26  Glial Reconstitution  
  159  8:29  Roach x3  
  165  8:39  Hatchery  
  163  8:42  Roach x3, Zergling x8  
  163  8:44  Overlord  
  173  8:49  Roach x2, Zergling x4  
  173  8:50  Zerg Melee Weapons Level 2, Zergling x6  
  173  8:52  Overlord  
  173  8:53  Overseer  
  182  8:56  Hive  
  182  8:57  Zergling x4  
  182  8:58  Zergling x4  
  182  8:59  Overlord  
  186  9:05  Zergling x6  
  186  9:06  Zergling x6  
  186  9:08  Baneling x13  
  192  9:13  Zergling x6  
  192  9:15  Zergling x6  
  192  9:17  Zergling x4  
  187  9:26  Zergling x12  
  182  9:33  Roach, Zergling x2  
  182  9:34  Zergling x8  
  182  9:38  Hatchery  
  185  9:43  Zergling x14  
  192  9:46  Baneling x22  
  192  9:50  Zergling x6  
  192  9:52  Zergling x6  
  197  9:59  Zergling x10  
  194  10:03  Ravager x5  
  199  10:08  Greater Spire  
  199  10:16  Spore Crawler, Adrenal Glands  
  199  10:17  Spine Crawler  
  199  10:21  Drone x3  
  196  10:38  Zergling x2  
  196  10:39  Zergling x6  
  200  10:44  Spine Crawler  
  200  10:45  Spine Crawler  
  200  10:48  Spine Crawler  
  200  10:49  Baneling  
  197  10:50  Baneling x25  
  197  10:54  Zergling x4  
  197  10:55  Zergling x2  
  200  11:10  Zergling x8  
  200  11:11  Zergling x2  
  199  11:16  Corruptor x2  
  199  11:17  Corruptor x6  
  197  11:29  Spine Crawler  
  197  11:30  Spine Crawler  
  197  11:31  Spine Crawler x3  
  197  11:32  Spine Crawler x2  
  190  11:33  Spine Crawler  
  189  11:53  Brood Lord x5  
  199  11:59  Overlord x2  
  199  12:00  Brood Lord  
  184  12:03  Zergling x48  
  184  12:07  Brood Lord  
  195  12:08  Brood Lord  
  195  12:11  Zergling x18  
  189  12:17  Zergling x16  
  189  12:18  Zergling x2  
  182  12:23  Drone x4  
  182  12:27  Drone x4  
  182  12:28  Drone  
  190  12:33  Drone x2  
  190  12:36  Zergling x6  
  186  12:42  Baneling x14  
  186  12:44  Drone x2  
  182  12:51  Roach x2  
  182  12:52  Roach x2, Zergling x2  
  184  13:04  Zergling x24  
  188  13:12  Zergling x18  
  184  13:18  Roach x2  
  184  13:19  Roach x2  
  178  13:27  Roach x2, Viper  
  178  13:28  Roach x4  
  178  13:32  Roach x2  
  177  13:39  Viper x3  
  185  13:46  Drone x4  
  185  13:47  Drone  
  190  14:00  Zergling x10  
  190  14:01  Zergling x6  
  197  14:10  Zergling x6  
  200  14:17  Zerg Missile Weapons Level 1  
  200  14:22  Zergling x6  
  200  14:24  Baneling x8  
  200  14:25  Baneling x8  
  200  14:26  Overlord x3  
  200  14:33  Overlord  
  200  14:37  Hydralisk Den  
  199  14:43  Hatchery  
  190  14:53  Drone x2  
  190  14:54  Drone x2  
  190  14:55  Zergling x12  
  200  15:03  Zerg Flyer Weapons Level 1  
  200  15:13  Spine Crawler x2  
  198  15:15  Spine Crawler  
  198  15:17  Lurker Den  
  198  15:20  Zergling x8  
  199  15:29  Hatchery  
  199  15:30  Spine Crawler  
  191  15:39  Zergling x16  
  191  15:41  Baneling x13  
  197  16:00  Zergling x4  
  197  16:01  Zergling x18  
  192  16:10  Zergling x26  
  179  16:27  Hydralisk x5  
  179  16:30  Zergling x16  
  195  16:35  Baneling x18  
  195  16:39  Zergling x12  
  199  16:42  Hydralisk  
  199  16:43  Zergling x2  
  177  16:48  Zergling x2, Hydralisk x2  
  177  16:49  Seismic Spines  
  165  16:55  Lurker x2  
  165  16:56  Lurker x2  
  159  17:03  Hydralisk x3  
  159  17:07  Zergling x22  
  173  17:09  Lurker x2  
  173  17:10  Zerg Flyer Weapons Level 2  
  173  17:13  Lurker x2  
  177  17:15  Drone  
  177  17:16  Drone x3  
  177  17:19  Hydralisk x3  
  177  17:20  Zergling x4  
  180  17:35  Corruptor  
  174  17:45  Drone x4  
  174  17:46  Drone  
  174  17:47  Lurker x6  
  174  17:49  Hydralisk x2  
  189  17:58  Zergling x20  
  196  17:59  Overlord  
  196  18:15  Spore Crawler  
  196  18:18  Lurker x2  
  196  18:19  Spore Crawler  
  195  18:20  Spore Crawler  
  195  18:21  Zergling x12  
  195  18:48  Zergling x10  
  199  19:01  Spine Crawler  
  199  19:02  Spine Crawler  
  197  19:04  Corruptor  
  181  19:36  Adaptive Talons  
  172  19:39  Zergling x26  
  172  19:40  Zergling x4  
  172  19:43  Corruptor x10  
  172  19:44  Queen  
  172  19:45  Hydralisk  
  198  19:50  Zergling x4, Hydralisk  
  189  19:53  Corruptor  
  189  19:59  Corruptor x3  
  177  20:08  Zergling x16  
  177  20:13  Hydralisk  
  182  20:14  Zergling x6  
  182  20:19  Zergling x4  
  184  20:25  Hatchery  
  179  20:33  Zerg Flyer Weapons Level 3  
  178  20:40  Hydralisk x2  
  180  20:49  Lurker  
  175  20:52  Brood Lord x2  
  175  20:53  Corruptor x4  
  175  20:54  Viper x2  
  193  20:58  Lurker x2  
  195  21:08  Lurker x2  
  195  21:12  Zergling x2  
  195  21:13  Zergling x8  
  199  21:19  Extractor  
  199  21:20  Extractor  
  194  21:39  Overseer x3  
  193  21:40  Pneumatized Carapace  
  193  21:43  Hydralisk x3  
  199  21:53  Spore Crawler  
  198  21:55  Spore Crawler  
  198  21:56  Spore Crawler  
  198  21:57  Zergling x8  
  195  22:13  Hydralisk x2  
  197  22:18  Zerg Melee Weapons Level 3  
  186  22:23  Zergling x10  
  186  22:27  Zergling x28  
  186  22:29  Zergling x4  
  199  22:41  Hatchery  
  199  22:43  Viper  
  198  22:56  Lurker  
  198  22:58  Extractor x2  
  198  23:02  Spore Crawler  
  198  23:03  Spore Crawler  
  198  23:05  Spore Crawler, Lurker x2  
  191  23:06  Spore Crawler  
  191  23:09  Queen  
  191  23:23  Lurker x2  
  193  23:28  Brood Lord x3  
  193  23:31  Spore Crawler  
  193  23:33  Overlord  
  193  23:34  Overlord x2  
  196  23:36  Queen  
  188  23:41  Zergling x20  
  188  23:42  Zergling x2  
  199  23:50  Overlord  
  199  23:54  Lair  
  196  24:05  Zergling x8  
  199  24:15  Zergling x4  
  200  24:26  Spine Crawler  
  200  24:28  Spine Crawler x2  
  200  24:29  Hatchery  
  200  24:30  Baneling Nest  
  194  24:33  Zergling x2  
  194  24:34  Zergling x12  
  190  24:39  Zergling x22  
  195  24:47  Zergling x6  
  197  25:01  Spine Crawler x3  
  197  25:02  Zerg Missile Weapons Level 2, Spine Crawler  
  193  25:19  Infestation Pit  
  191  25:27  Hatchery  
  188  25:39  Zergling x34  
  189  25:56  Hydralisk Den  
  188  25:58  Brood Lord x4  
  188  25:59  Brood Lord  
  198  26:12  Brood Lord  
  198  26:26  Hatchery  
  194  26:47  Hydralisk x2  
  194  26:48  Hydralisk  
  189  27:11  Hydralisk x3  
  194  27:19  Lurker  
  156  27:33  Lurker x2  
  154  27:49  Lurker x3  
  154  28:04  Hydralisk  
  153  28:19  Hydralisk x3  
  159  28:36  Hydralisk x2  
  163  28:45  Lurker x3  
  163  28:46  Spawning Pool  
  123  29:13  Brood Lord  
  108  29:19  Drone x2  
  108  29:22  Lurker x2  
  112  29:35  Hatchery  
  113  29:53  Drone  
  113  29:56  Drone  
  115  30:06  Corruptor  
  115  30:18  Corruptor  
  117  30:31  Drone x2  
  117  30:41  Drone  
  118  30:54  Corruptor  
  120  30:58  Drone  
  121  31:06  Drone  
  122  31:15  Corruptor  
  124  31:26  Corruptor  
  123  31:33  Drone  
  126  31:49  Drone  
  126  31:50  Drone x2  
  126  31:51  Drone x2  
  129  31:58  Corruptor  
  131  32:08  Corruptor  
  133  32:18  Corruptor  
  133  32:21  Overseer  
  135  32:23  Lurker  
  135  32:25  Drone  
  137  32:31  Infestor  
  137  32:34  Infestor  
  141  32:42  Corruptor  
  143  32:48  Corruptor  
  145  32:51  Drone  
  145  32:57  Corruptor  
  148  33:07  Corruptor  
  150  33:13  Corruptor  
  150  33:17  Drone  
  150  33:19  Drone  
  154  33:25  Extractor  
  153  33:30  Corruptor  
  153  33:31  Extractor  
  153  33:46  Corruptor x2  
  156  33:52  Overseer  
  156  33:58  Corruptor  
  158  34:09  Corruptor  
  160  34:18  Corruptor  
  162  34:35  Drone  
  162  34:36  Spawning Pool  
  162  34:38  Infestor  
  162  34:45  Infestor  
  166  34:57  Infestor x2  
  170  35:09  Overseer  
  170  35:27  Overseer  
  166  35:52  Overlord  
  166  35:55  Burrow  
  166  35:56  Neural Parasite  
  166  36:02  Infestor x2  
  170  36:13  Zergling x8  
  170  36:17  Corruptor  
  176  36:26  Corruptor  
  178  36:35  Zergling x12  
  183  36:50  Overlord  
  183  37:03  Corruptor x2  
  184  37:22  Zergling x4  
  186  37:23  Zergling x2  
  186  37:25  Corruptor  
  187  37:46  Baneling x5  
  187  37:48  Zergling x4  
  189  37:52  Queen  
  189  37:56  Zergling x12  
  189  37:57  Zergling x4  
  199  38:00  Overlord  
  199  38:01  Overlord  
  199  38:04  Overseer  
  199  38:10  Overlord  
  183  38:28  Corruptor  
  179  38:34  Corruptor  
  179  38:38  Zergling x2  
  182  39:11  Infestor  
  182  39:12  Infestor x7  
  182  39:30  Baneling x3  
  182  39:36  Overseer  
  182  39:38  Spire, Zergling x6  
  185  39:41  Overseer  
  184  39:49  Infestor x8  
  184  39:52  Overseer  
  182  40:06  Zergling x4  
  181  40:51  Corruptor x5  
  187  41:45  Infestor  
  172  42:30  Hydralisk Den  
  172  42:32  Overseer  
  172  42:33  Roach Warren  
  170  43:19  Roach x4  
  180  43:20  Roach  
  180  43:36  Roach x5  
  180  43:37  Roach  
  189  43:50  Ravager x4  
  193  44:01  Ravager x6  
  162  45:07  Zergling x24  
Show
View Real Time Build Order
Export as new Build Order

ShoWTimE Protoss - Winner!

Build Orders: 1 Gate Expand, Oracle Opening 

Get SALT Encoding   

  12  0:00  Probe  
  13  0:12  Probe  
  14  0:19  Pylon  
  14  0:24  Probe  
  15  0:37  Probe (Chrono Boost)  
  15  0:40  Gateway  
  16  0:46  Probe (Chrono Boost)  
  17  0:50  Assimilator  
  17  0:51  Probe (Chrono Boost)  
  18  1:03  Probe  
  19  1:15  Probe  
  20  1:27  Nexus  
  20  1:36  Cybernetics Core  
  20  1:39  Probe  
  21  1:45  Assimilator  
  21  1:51  Probe  
  22  1:55  Pylon  
  22  2:03  Probe  
  23  2:10  Adept (Chrono Boost)  
  25  2:15  Probe  
  26  2:23  Stargate  
  26  2:28  Probe  
  27  2:30  Adept (Chrono Boost)  
  27  2:36  Warp Gate  
  29  2:39  Probe (Chrono Boost)  
  31  2:45  Probe (Chrono Boost)  
  31  2:49  Probe (Chrono Boost)  
  32  2:53  Adept, Probe (Chrono Boost)  
  32  2:54  Probe (Chrono Boost)  
  36  3:01  Pylon  
  36  3:04  Probe  
  37  3:06  Oracle (Chrono Boost), Probe  
  41  3:16  Probe  
  41  3:18  Probe  
  43  3:24  Adept  
  43  3:28  Gateway  
  43  3:29  Probe  
  43  3:31  Probe  
  45  3:37  Oracle (Chrono Boost)  
  48  3:42  Pylon, Probe  
  48  3:47  Probe  
  50  3:54  Probe  
  51  3:59  Probe  
  51  4:02  Nexus  
  52  4:04  Pylon  
  52  4:06  Probe  
  52  4:09  Oracle (Chrono Boost)  
  52  4:11  Probe  
  56  4:18  Probe  
  56  4:23  Assimilator, Probe  
  58  4:25  Assimilator  
  58  4:26  Adept x2  
  58  4:30  Probe  
  63  4:35  Probe  
  63  4:37  Forge  
  64  4:43  Pylon, Probe  
  64  4:45  Robotics Facility  
  65  4:47  Probe  
  62  4:55  Probe  
  62  4:57  Sentry  
  66  5:00  Probe  
  66  5:04  Gateway  
  66  5:07  Probe  
  66  5:12  Probe  
  66  5:14  Protoss Ground Weapons Level 1  
  68  5:17  Oracle (Chrono Boost)  
  68  5:19  Probe  
  72  5:21  Probe  
  72  5:24  Probe (Chrono Boost)  
  72  5:25  Shield Battery  
  72  5:30  Sentry  
  72  5:33  Probe (Chrono Boost)  
  72  5:35  Probe (Chrono Boost)  
  74  5:36  Pylon  
  74  5:39  Immortal (Chrono Boost)  
  74  5:42  Probe (Chrono Boost)  
  80  5:44  Probe (Chrono Boost)  
  80  5:46  Probe (Chrono Boost)  
  80  5:49  Twilight Council, Probe x2 (Chrono Boost)  
  82  5:54  Assimilator  
  82  5:55  Probe  
  84  5:57  Assimilator  
  84  6:00  Zealot x2, Probe x2  
  90  6:07  Probe  
  90  6:10  Pylon  
  91  6:12  Robotics Bay, Probe x2  
  91  6:13  Immortal (Chrono Boost)  
  97  6:19  Probe  
  97  6:22  Zealot x2  
  97  6:24  Probe  
  101  6:27  Photon Cannon  
  101  6:28  Probe  
  101  6:30  Charge (Chrono Boost)  
  101  6:31  Probe  
  101  6:32  Pylon  
  103  6:39  Gateway  
  103  6:40  Gateway  
  103  6:43  Observer (Chrono Boost)  
  104  6:47  Gateway  
  104  6:51  Gateway  
  104  6:55  Zealot x3  
  104  6:57  Warp Prism (Chrono Boost)  
  109  7:07  Gateway  
  109  7:09  Gateway  
  109  7:11  Gateway  
  109  7:19  Templar Archives  
  109  7:23  Pylon  
  109  7:25  Nexus  
  109  7:26  Disruptor  
  109  7:29  Protoss Ground Weapons Level 2 (Chrono Boost)  
  112  7:31  Probe x3  
  115  7:37  Pylon  
  115  7:42  Photon Cannon  
  115  7:44  Shield Battery  
  115  7:46  Pylon, Shield Battery  
  115  7:49  Probe x3  
  118  7:56  Gateway  
  118  7:57  Gateway  
  118  7:58  High Templar x2  
  118  7:59  High Templar x2, Gateway  
  118  8:01  Disruptor, Probe  
  118  8:02  Archon x2  
  130  8:06  Probe  
  130  8:08  Photon Cannon  
  130  8:09  Photon Cannon  
  131  8:14  Pylon  
  131  8:16  Probe x2  
  131  8:18  Probe  
  134  8:20  Pylon, High Templar x2  
  134  8:24  Archon  
  138  8:28  Pylon, Probe x2  
  138  8:30  Pylon, Probe  
  143  8:37  Disruptor  
  143  8:39  Probe  
  143  8:40  Probe x2  
  145  8:41  Assimilator  
  145  8:42  Probe  
  145  8:44  High Templar x2, Assimilator  
  145  8:45  Zealot x5  
  160  8:49  Archon  
  160  8:52  Pylon  
  160  8:55  Pylon  
  160  8:59  Zealot x3  
  166  9:06  High Templar x2  
  166  9:07  Zealot x3  
  176  9:12  Archon  
  176  9:13  Photon Cannon, Disruptor  
  179  9:18  Photon Cannon, Zealot x2  
  179  9:20  Stalker  
  167  9:24  Stalker x2  
  167  9:25  Blink (Chrono Boost), Probe x2  
  167  9:27  Stalker  
  167  9:30  Probe  
  167  9:31  Probe  
  167  9:37  Probe  
  156  9:44  Zealot x2, High Templar x2  
  156  9:45  Zealot x2  
  164  9:48  Protoss Ground Weapons Level 3 (Chrono Boost), Archon  
  164  9:49  Immortal (Chrono Boost)  
  157  10:00  Zealot x3  
  157  10:01  Zealot x2  
  157  10:06  Shield Battery  
  167  10:09  High Templar x2  
  171  10:14  Archon  
  171  10:20  Zealot x6  
  183  10:24  Immortal (Chrono Boost)  
  185  10:29  High Templar x2  
  185  10:33  Archon  
  179  10:36  Zealot x3  
  185  10:45  Zealot x2  
  189  10:50  High Templar x2  
  189  10:51  High Templar x2  
  189  10:54  Nexus  
  189  10:55  Pylon, Archon x2  
  197  11:07  High Templar  
  199  11:13  High Templar  
  199  11:14  High Templar  
  199  11:18  Archon  
  177  11:21  Zealot x5  
  177  11:22  Zealot  
  177  11:24  High Templar  
  187  11:29  Zealot x3  
  187  11:32  Photon Cannon, Archon  
  193  11:33  Photon Cannon  
  193  11:35  Shield Battery  
  193  11:37  Pylon  
  193  11:43  Stalker x4  
  198  11:50  Stalker  
  198  11:51  Stalker  
  199  11:55  Probe  
  194  12:05  Zealot x7  
  198  12:11  Protoss Shields Level 1 (Chrono Boost)  
  188  12:18  Zealot x6  
  188  12:22  Immortal  
  180  12:26  Probe x2  
  180  12:27  Probe  
  183  12:34  High Templar x4  
  183  12:35  Zealot x3  
  191  12:39  Archon x2  
  191  12:40  Zealot x3  
  191  12:41  Zealot x2  
  191  12:42  Probe x2  
  191  12:43  Probe  
  184  12:46  Zealot  
  182  12:59  Probe x4  
  182  13:06  Zealot x7  
  182  13:07  Zealot x2  
  182  13:09  Probe  
  182  13:11  Probe x2  
  169  13:16  Probe  
  162  13:21  Zealot  
  162  13:22  Zealot x3  
  147  13:35  High Templar x6  
  157  13:44  High Templar x7  
  157  13:45  Pylon  
  157  13:47  Archon x2  
  157  13:48  Archon x3  
  160  13:51  Archon  
  142  14:09  Stalker x3  
  146  14:10  Stalker x2  
  141  14:20  Observer (Chrono Boost)  
  141  14:21  Stalker x6  
  141  14:22  Stalker  
  156  14:29  Nexus  
  156  14:33  Observer (Chrono Boost)  
  156  14:35  Pylon  
  156  14:37  Protoss Shields Level 2 (Chrono Boost)  
  157  14:42  Stalker x3  
  157  14:45  Sentry  
  165  14:49  Probe  
  159  14:58  Pylon, Zealot x4  
  159  14:59  Zealot  
  169  15:01  High Templar  
  169  15:02  High Templar  
  169  15:06  Archon  
  161  15:10  Probe  
  161  15:11  Probe x2  
  164  15:22  High Templar x4  
  164  15:23  Zealot x3  
  164  15:26  Archon  
  164  15:27  Archon, Nexus  
  178  15:28  Pylon  
  178  15:30  Photon Cannon  
  178  15:33  Probe x3  
  178  15:35  Probe  
  182  15:45  Probe  
  182  15:46  Shield Battery  
  182  15:47  Shield Battery  
  183  15:54  Assimilator  
  183  15:56  Assimilator  
  179  16:00  Zealot x3  
  173  16:04  High Templar x4  
  173  16:09  Archon x2  
  173  16:10  Zealot x2  
  173  16:20  Stalker x3  
  163  16:26  Zealot x3  
  167  16:33  Probe x2  
  169  16:43  Zealot x6  
  169  16:44  Protoss Ground Armor Level 1 (Chrono Boost)  
  169  16:48  Probe x2  
  169  16:49  Probe x3  
  169  16:52  Zealot  
  168  17:09  Protoss Air Weapons Level 1 (Chrono Boost)  
  168  17:11  Fleet Beacon  
  168  17:13  Stargate  
  168  17:20  Stargate  
  168  17:21  Zealot x3  
  174  17:24  Psionic Storm  
  174  17:25  Stargate  
  174  17:28  Zealot x3  
  180  17:31  Probe x3  
  180  17:33  Probe  
  184  17:46  High Templar x4  
  192  17:52  Assimilator  
  192  17:54  Photon Cannon  
  192  17:55  Assimilator  
  192  17:56  Photon Cannon  
  192  17:59  Photon Cannon  
  192  18:03  Probe  
  192  18:04  Probe x5  
  183  18:16  Probe x2  
  185  18:25  Carrier (Chrono Boost)  
  185  18:26  Carrier (Chrono Boost)  
  193  18:36  Probe x3  
  193  18:37  Probe  
  196  18:58  Photon Cannon  
  196  19:00  Photon Cannon  
  196  19:02  Photon Cannon  
  190  19:08  Protoss Ground Armor Level 2  
  178  19:18  Zealot x2  
  178  19:23  High Templar x3  
  174  19:28  Zealot x3  
  171  19:41  Zealot x2  
  171  19:45  Archon  
  168  19:48  Zealot  
  124  20:02  Zealot x4  
  127  20:15  Zealot, High Templar x4  
  137  20:26  Archon x2  
  137  20:27  High Templar x4  
  137  20:33  Archon x2  
  136  20:37  Stalker x2  
  140  20:48  Stalker x2  
  144  20:59  High Templar x2  
  144  21:02  Assimilator  
  144  21:03  Archon  
  148  21:04  Assimilator  
  148  21:05  High Templar x2  
  148  21:06  Zealot x2  
  148  21:09  Archon  
  156  21:23  Stalker x2  
  157  21:37  Stalker x2  
  161  21:42  Stalker  
  161  21:44  Pylon  
  161  21:46  Pylon  
  163  21:50  Zealot x3  
  165  22:01  Zealot x3  
  165  22:09  Zealot  
  165  22:10  Zealot  
  165  22:14  Zealot  
  171  22:20  Stalker  
  171  22:21  Stalker x5  
  169  22:28  High Templar x3  
  176  22:37  Observer (Chrono Boost)  
  176  22:38  Zealot  
  178  22:47  Stalker x2  
  182  22:51  High Templar x2  
  182  22:53  Nexus  
  182  22:56  Archon  
  186  22:59  Pylon  
  186  23:01  Zealot  
  188  23:06  Zealot x2  
  188  23:10  Oracle (Chrono Boost)  
  189  23:18  Zealot  
  185  23:25  Shield Battery  
  185  23:34  Zealot x3  
  185  23:39  Zealot x2  
  191  23:45  Zealot  
  193  23:54  Zealot x2  
  193  24:09  Probe  
  182  24:10  Probe x2  
  182  24:16  High Templar x2, Assimilator  
  177  24:17  Zealot x2  
  177  24:18  Assimilator  
  175  24:40  High Templar  
  175  24:42  Zealot x6  
  175  24:44  Observer  
  190  24:57  Shield Battery  
  190  25:00  Shield Battery  
  190  25:01  Photon Cannon  
  190  25:08  Photon Cannon  
  190  25:13  Observer  
  191  25:16  Shield Battery  
  191  25:26  Oracle  
  192  25:33  Stalker x4  
  186  25:53  Probe  
  187  26:00  Nexus, Stargate  
  187  26:10  Zealot x2  
  187  26:11  Zealot  
  193  26:26  Pylon  
  193  26:29  Tempest (Chrono Boost)  
  193  26:34  Pylon  
  181  27:05  Zealot x4  
  187  27:20  Pylon  
  171  27:32  Stalker x4  
  171  27:40  Zealot  
  170  27:45  Zealot  
  170  27:48  Observer  
  167  28:19  Tempest  
  172  28:28  Tempest  
  161  29:01  Observer  
  139  29:07  Zealot x6  
  115  29:26  Zealot x4  
  119  29:45  Tempest (Chrono Boost)  
  123  30:14  Nexus  
  123  30:29  Tempest (Chrono Boost)  
  127  30:42  Tempest (Chrono Boost)  
  127  30:45  Pylon  
  132  30:53  Pylon  
  132  30:57  Shield Battery  
  132  31:03  Assimilator  
  132  31:07  Assimilator  
  132  31:10  Gravitic Boosters (Chrono Boost)  
  132  31:37  Immortal (Chrono Boost), High Templar x2  
  140  31:41  Archon  
  140  32:05  Robotics Facility  
  140  32:06  Immortal (Chrono Boost)  
  144  32:09  Zealot  
  146  32:31  Zealot x3  
  146  32:35  Pylon, Protoss Air Weapons Level 2 (Chrono Boost)  
  152  32:41  Immortal (Chrono Boost)  
  152  32:43  Observer  
  156  32:52  Immortal (Chrono Boost)  
  160  32:58  Protoss Shields Level 3 (Chrono Boost)  
  160  33:33  Shield Battery  
  160  33:34  Shield Battery  
  160  33:36  Mothership (Chrono Boost)  
  168  33:53  Photon Cannon  
  168  33:55  Photon Cannon  
  168  33:57  Photon Cannon  
  168  34:04  Tempest (Chrono Boost)  
  173  34:22  High Templar x2  
  173  34:23  Pylon  
  177  34:26  Archon  
  177  34:40  Tempest  
  182  34:45  Shield Battery  
  182  34:46  Shield Battery  
  182  34:48  Shield Battery  
  182  34:49  Shield Battery  
  182  34:51  Pylon  
  182  35:17  Shield Battery  
  182  35:18  Protoss Air Weapons Level 3 (Chrono Boost)  
  182  35:20  Photon Cannon  
  182  35:24  Oracle  
  185  36:06  High Templar x2  
  185  36:10  Archon  
  189  36:30  Shield Battery  
  189  36:31  Shield Battery  
  189  36:34  Shield Battery  
  187  37:04  Zealot x6  
  199  37:26  Protoss Ground Armor Level 3 (Chrono Boost)  
  199  37:32  Unknown  
  194  37:52  Oracle (Chrono Boost)  
  194  37:59  Protoss Air Armor Level 1  
  194  38:06  Tempest (Chrono Boost)  
  199  38:18  Shield Battery  
  199  38:20  Shield Battery  
  199  38:23  Pylon  
  199  38:25  Zealot x7  
  195  38:32  Pylon  
  194  40:04  Oracle x2  
  192  41:03  Tempest x2  
  200  42:32  Disruptor x2  
  198  43:58  High Templar x4  
  196  44:20  Shield Battery  
  191  44:28  Shield Battery  
  175  44:50  Stalker x8  
  175  44:52  Stalker x3  
  104  45:20  Stalker x7  
  104  45:21  Stalker x4  
  104  45:30  Stalker  
Tags
 
Add a new tag
Caveats
  • Supply blocks, unpowered buildings, or Contaminate may cause inaccurate times.
  • Supply counts are checked every 10 seconds.